 Dungeon Crawl Stone Soup version 0.28.0 (webtiles) character file.

Game seed: 11936238636554257810

43 SnakkuSnakku7 the Grave Robber (level 3, -3/24 HPs)
             Began as a Barachi Necromancer on Feb 14, 2022.
             Slain by an adder (4 damage)
             ... on level 2 of the Dungeon.
             The game lasted 00:04:06 (1995 turns).

SnakkuSnakku7 the Grave Robber (BaNe)               Turns: 1995, Time: 00:04:07

Health: -3/24      AC:  3    Str:  9    XL:     3   Next: 58%
Magic:  1/6        EV: 12    Int: 17    God:
Gold:   56         SH:  0    Dex: 12    Spells: 4/6 levels left

rFire   . . .      SeeInvis .   e - +3 mace (vorpal)
rCold   . . .      Faith    .   (no shield)
rNeg    . . .      Spirit   .   a - +0 robe
rPois   .          Reflect  .   (no helmet)
rElec   .          Harm     .   (no cloak)
rCorr   .          Rampage  .   (no gloves)
Will    .....                   g - +0 pair of boots
Stlth   ++........              (no amulet)
HPRegen 0.08/turn               (no ring)
MPRegen 0.10/turn               (no ring)

@: unable to hop, attractive, very slightly contaminated, slow
A: amphibious, slowness 1, strong legs 1, +LOS
a: Hop


You were on level 2 of the Dungeon.
You visited 1 branch of the dungeon, and saw 2 of its levels.

You collected 56 gold pieces.

Inventory:

Hand Weapons
 d - a +0 short sword
 e - a +3 vorpal mace (weapon)
Armour
 a - a +0 robe (worn)
 g - a +0 pair of boots (worn)
Scrolls
 c - a scroll of blinking {unknown}
 f - a scroll of identify {unknown}
 i - a scroll of enchant weapon {unknown}
 k - a scroll of noise {unknown}
Potions
 b - a potion of magic {unknown}
 j - a potion of ambrosia {unknown}


   Skills:
 - Level 2.1 Dodging
 - Level 1.7 Stealth
 - Level 2.1 Spellcasting
 - Level 3.7 Necromancy
 + Level 3.2 Poison Magic


You had 4 spell levels left.
You knew the following spells:

 Your Spells              Type           Power      Damage    Failure   Level
a - Sting                 Tmut/Pois      28%        1d4       10%         1
b - Pain                  Necr           56%        1d6       4%          1

Your spell library contained the following spells:

 Spells                   Type           Power      Damage    Failure   Level
 Animate Skeleton         Necr           28%        N/A       4%          1
 Vampiric Draining        Necr           14%        2d7       12%         3
 Poisonous Vapours        Pois/Air       14%        N/A       16%         2
 Animate Dead             Necr           7%         N/A       38%         4
 Olgreb's Toxic Radiance  Pois           12%        N/A       45%         4
 Agony                    Necr           14%        N/A       75%         5


Dungeon Overview and Level Annotations

Branches:
Dungeon (2/15)

Altars:


Innate Abilities, Weirdness & Mutations

You are amphibious.
You cover ground slowly.
You can hop short distances.
You have an extended range of vision and can be seen from far away.


Message History

Boing!
You feel sick.
Casting: Sting (safe; 10% risk of failure)
Confirm with . or Enter, or press ? or * to list all spells.
Okay, then.
Casting: Sting (safe; 10% risk of failure)
Confirm with . or Enter, or press ? or * to list all spells.
Aiming: Pain (safe; 4% risk of failure)
Press: ? - help, Shift-Dir - straight line, f - adder
Aim: an adder (moderately wounded, poisoned, chance to affect: 78%)
You miscast Pain.
Nothing appears to happen.
You feel sick.
Unknown command.
Unknown command.
You aren't carrying any items that you can evoke.
Unknown command.
It was a potion of attraction.
You feel attractive to monsters.
You feel sick. The adder is attracted toward you.
The goblin is attracted toward you.
You barely miss the adder.
The adder is moderately wounded.
You feel sick. The adder closely misses you.
The adder bites you but does no damage.
You closely miss the adder.
The adder is heavily wounded.
You feel sick. The adder bites you but does no damage.
The goblin hits you with a +0 club.
* * * LOW HITPOINT WARNING * * *
The adder bites you.
* * * LOW HITPOINT WARNING * * *
You miss the adder.
The adder is heavily wounded.
You feel sick.
You are no longer poisoned.
The adder looks more healthy.
The goblin barely misses you. The adder misses you.
The goblin hits you with a +0 club.
* * * LOW HITPOINT WARNING * * *
You miss the adder.
The adder is heavily wounded.
The adder bites you.
You die...

..#.####.# #.......##
.........# #........#
.....###.# ########.#
...#.#...# ######.#
...#.#.#.# #....#.#
##.#...#.# #....#.#
#.#...#.######....#.#
#.#...#.......g...#.#
#.#.#.#.#####.S@..#.#
#.#.#...# #.....#.#
#.#.#...# #....)..#
#.#..g#############
#.#.......#
#.###'###+#
#....>........
###...........
.............


You could see an adder and a goblin.

Vanquished Creatures
  An adder (D:2)
  A worm (D:2)
  3 ball pythons
  5 bats
  4 endoplasms (D:2)
  A giant cockroach (D:2)
  3 goblins (D:1)
  5 hobgoblins
  2 frilled lizards (D:2)
  2 kobolds
  3 rats (D:1)
30 creatures vanquished.

Notes
Turn   | Place    | Note
-------+----------+-------------------------------------------
     0 | D:1      | SnakkuSnakku7 the Barachi Necromancer began the quest for
                  | the Orb.
     0 | D:1      | Reached XP level 1. HP: 13/13 MP: 3/3
   137 | D:1      | Found a faded altar of an unknown god.
   349 | D:1      | Reached skill level 1 in Poison Magic
   351 | D:1      | Learned a level 1 spell: Sting
   376 | D:1      | Reached XP level 2. HP: 14/19 MP: 5/5
  1389 | D:2      | Reached XP level 3. HP: 3/24 MP: 1/6
  1994 | D:2      | HP: 1/24 [goblin (3)]
  1995 | D:2      | Slain by an adder

Illustrated notes

Levels and vault maps discovered:
D:1:      minmay_arrival_hallway, layout_basic, ebering_ecumenical_altar_hall
D:2:      layout_basic

Skill      XL: |  1  2  3 |
---------------+----------+-----
Poison Magic   | 1 2 3 |  3.2
Dodging        | |  2.1
Stealth        | |  1.7
Spellcasting   | |  2.1
Necromancy     | |  3.7

Action                   || total
-------------------------++-------
Melee: Mace              ||    49
       Short sword       ||     1
 Cast: Pain              ||     4
       Sting             ||    18
 Abil: Hop               ||     2
  Use: Potion            ||     1
 Stab: Sleeping          ||     1
Armor: Robe              ||    31
Dodge: Dodged            ||    59
